 Dungeon Crawl Stone Soup version 0.31.0-12-g77e489cdc1 (webtiles) character file.

Game seed: 6915889504988594860

377 booth the Chopper (level 6, -3/47 HPs)
             Began as a Demonspawn Gladiator on Feb 23, 2024.
             Killed from afar by a steam dragon (17 damage)
             ... with a ball of steam
             ... on level 5 of the Dungeon on Feb 26, 2024.
             The game lasted 00:21:49 (3678 turns).

booth the Chopper (Demonspawn Gladiator)            Turns: 3678, Time: 00:21:50

Health: -3/47      AC: 10    Str: 22    XL:     6   Next: 45%
Magic:  6/6        EV: 12    Int: 12    God:
Gold:   52         SH:  0    Dex: 13    Spells: 5/5 levels left

rFire   . . .        a - +2 war axe
rCold   . . .        (no shield)
rNeg    . . .        q - +0 ring mail
rPois   .            (helmet restricted)
rElec   .            f - +0 cloak
rCorr   .            (no gloves)
SInv    .            (no boots)
Will    .....        (no amulet)
Stlth   +            i - +4 ring of protection
HPRegen 0.27/turn    j - +6 ring of strength
MPRegen 0.10/turn

%: no passive effects
@: no status effects
A: antennae 1, ignite blood 1, clever 1
a: no special abilities


You were on level 5 of the Dungeon.
You visited 1 branch of the dungeon, and saw 5 of its levels.

You collected 192 gold pieces.
You spent 140 gold pieces at shops.

Inventory:

Hand Weapons
 a - a +2 war axe (weapon)
 g - a +0 mace
Missiles
 d - 4 throwing nets
 e - a javelin
 m - 2 boomerangs (quivered)
Armour
 f - a +0 cloak (worn)
 q - a +0 ring mail (worn)
Jewellery
 i - a +4 ring of protection (left hand)
 j - a +6 ring of strength (right hand)
Scrolls
 l - 3 scrolls of teleportation
 o - a scroll of fear {unknown}
 r - a scroll of brand weapon {unknown}
Potions
 b - a potion of brilliance
 c - a potion of attraction
 h - a potion of might
 k - a potion of heal wounds {unknown}
 n - a potion of ambrosia
 p - a potion of curing {unknown}


   Skills:
 + Level 3.6 Fighting
 * Level 4.4 Axes
 + Level 3.3 Throwing
 - Level 3.8 Dodging


You had 5 spell levels left.
You didn't know any spells.
Your spell library contained the following spells:

 Spells                   Type           Power      Damage    Failure   Level
 Shock                    Conj/Air       0%         1d3       47%         1
 Static Discharge         Conj/Air       0%         3-3/arc   63%         2
 Passage of Golubria      Tloc           0%         N/A       99%         4
 Freezing Cloud           Conj/Ice/Air   0%         6-21      100%        5
 Silence                  Hex/Air        0%         N/A       100%        5
 Yara's Violent Unravell  Hex/Alch       0%         3d3       100%        5
 Lehudib's Crystal Spear  Conj/Erth      0%         10d2      100%        8


Dungeon Overview and Level Annotations

Branches:
Dungeon (5/15)
 Temple: D:4-7

Altars:
Xom

Shops:
D:3 ?


Innate Abilities, Weirdness & Mutations

You have a pair of small antennae on your head.
Your demonic aura sometimes causes spilled blood to erupt in flames.
Your mind is acute. (Int +4, Str/Dex -1)


Message History

Found a falchion.
You now have 52 gold pieces (gained 7).
s - a scroll of identify
As you read the scroll of identify, it crumbles to dust.
b - a potion of brilliance A steam dragon comes into view.
The steam dragon hisses angrily.
The steam dragon moves out of view.
The steam dragon breathes steam at you. The ball of steam hits you!!
You hear a shout!
You are engulfed in a cloud of scalding steam.
You are engulfed in a cloud of scalding steam.
The steam dragon bites you but does no damage.
The steam dragon misses you.
You closely miss the steam dragon.
You are engulfed in a cloud of scalding steam.
The steam dragon breathes steam at you. The ball of steam hits you!
* * * LOW HITPOINT WARNING * * *
A jelly comes into view.
The jelly quivers.
An ogre comes into view. It is wielding a +0 giant club.
The steam dragon barely misses you. The steam dragon closely misses you.
You hit the steam dragon.
The steam dragon is lightly wounded.
The steam dragon bites you but does no damage.
The steam dragon closely misses you.
The steam dragon bites you but does no damage.
The steam dragon barely misses you.
You barely miss the steam dragon.
The steam dragon is lightly wounded.
The steam dragon barely misses you.
The steam dragon claws you but does no damage.
You barely miss the steam dragon.
The steam dragon is lightly wounded.
An adder comes into view.
The steam dragon breathes steam at you. The ball of steam hits you!
You die...

#.# S.. ..# #.# ..##
###.###'#####
####...##........†...#
.....................+
....O............>...###
.........###+#####......
.....J..D........#......
#@.........#......
##.........#####.#
#.........# ##.#
##........####..#
#.)......#....##
#..........####
#............#
#...>.....##....
#.........# ####


You could see a steam dragon (catching breath), an ogre, a jelly and an adder
(wandering).

Vanquished Creatures
  An ogre (D:4)
  A scorpion (D:4)
  A bombardier beetle (D:5)
  A hound (D:4)
  An orc wizard (D:4)
  6 adders
  3 dart slugs
  7 orcs
  8 ball pythons
  8 endoplasms
  2 giant cockroaches
  8 goblins
  3 hobgoblins
  8 kobolds
  5 quokkas
  6 bats
  2 frilled lizards (D:3)
  5 rats
76 creatures vanquished.

Notes
Turn   | Place    | Note
-------+----------+-------------------------------------------
     0 | D:1      | booth the Demonspawn Gladiator began the quest for the Orb.
     0 | D:1      | Reached XP level 1. HP: 16/16 MP: 1/1
   537 | D:1      | Gained mutation: Your demonic aura sometimes causes spilled
                  | blood to erupt in flames. [demonic ancestry]
   537 | D:1      | Reached XP level 2. HP: 22/22 MP: 2/2
  1123 | D:2      | Reached skill level 3 in Axes
  1172 | D:2      | Reached XP level 3. HP: 26/28 MP: 3/3
  1529 | D:2      | Found a shimmering altar of Xom.
  1592 | D:2      | Gained mutation: You have large cloven feet. [potion of
                  | mutation]
  1592 | D:2      | Gained mutation: You occasionally lose the ability to drink
                  | potions when taking damage. [potion of mutation]
  1593 | D:2      | Lost mutation: You occasionally lose the ability to drink
                  | potions when taking damage. [potion of mutation]
  1593 | D:2      | Lost mutation: You have large cloven feet. [potion of
                  | mutation]
  1593 | D:2      | Gained mutation: Your mind is acute. (Int +4, Str/Dex -1)
                  | [potion of mutation]
  1664 | D:3      | Found Yqolawy's Magic Scroll Boutique.
  1680 | D:3      | Bought a scroll of identify for 28 gold pieces
  1680 | D:3      | Bought a scroll of teleportation for 42 gold pieces
  1909 | D:3      | Discovered your monstrous ancestry.
  1909 | D:3      | Gained mutation: You have a pair of small antennae on your
                  | head. [demonic ancestry]
  1909 | D:3      | Reached XP level 4. HP: 34/34 MP: 4/4
  2438 | D:3      | Bought a scroll of teleportation for 42 gold pieces
  2438 | D:3      | Bought a scroll of identify for 28 gold pieces
  2554 | D:4      | Noticed an ogre
  2563 | D:4      | HP: 1/35 [ogre/+0 giant club (8)]
  2717 | D:4      | Killed an ogre
  2718 | D:4      | Reached XP level 5. HP: 41/41 MP: 5/5
  2762 | D:4      | Reached skill level 4 in Axes
  2855 | D:4      | Reached XP level 6. HP: 38/47 MP: 6/6
  3219 | D:4      | Found Rirphush's Weapon Emporium.
  3287 | D:4      | Got the Information on Interference and the Atmosphere
  3407 | D:5      | Entered Level 5 of the Dungeon
  3669 | D:5      | Noticed a steam dragon
  3678 | D:5      | Killed from afar by a steam dragon

Illustrated notes

Levels and vault maps discovered:
D:1:      scummos_arrival_gate, layout_basic
D:2:      layout_basic, basic_altar
D:3:      layout_loops_ring, serial_shops, nicolae_lakefront_shop
D:4:      minmay_diamond_boxcup, layout_cave_pools, serial_shops,
          nicolae_shop_bloodbath_and_beyond, grunt_ministairs_1
D:5:      layout_basic, kennysheep_little_box, lemuel_temple_firewalk_b,
          st_stairs_7

Skill      XL: |  1  2  3  4  5 |
---------------+----------------+-----
Throwing       | 2 3 |  3.3
Axes           | 3 4 |  4.4
Dodging        | 3 |  3.8
Fighting       | 3 |  3.6

Action                     |  1- 3 |  4- 6 || total
---------------------------+-------+-------++-------
  Melee: War axe           |   111 |   114 ||   225
         Punch             |       |     1 ||     1
  Throw: Javelin           |     1 |       ||     1
         Boomerang         |       |     8 ||     8
         Throwing net      |       |     2 ||     2
    Use: Scroll            |     3 |     5 ||     8
         Potion            |     2 |     1 ||     3
   Stab: Sleeping          |     1 |     1 ||     2
 Armour: Leather armour    |    62 |    74 ||   136
         Ring mail         |       |    39 ||    39
  Dodge: Dodged            |    79 |    94 ||   173
